 Dungeon Crawl Stone Soup version 0.27-a0-1144-g0b7d3b79db (webtiles) character file.

Game seed: 7693324048495427916

31514 Mesmaeker13 the Nimble (level 13, -1/73 HPs)
             Began as a Kobold Hunter on May 9, 2021.
             Was an Elder of Nemelex Xobeh.
             Slain by an eight-headed hydra (8 damage)
             ... on level 6 of the Lair of Beasts on May 10, 2021.
             The game lasted 00:35:54 (24238 turns).

Mesmaeker13 the Nimble (Kobold Hunter)             Turns: 24238, Time: 00:35:55

Health: -1/73      AC: 12    Str:  7    XL:     13   Next: 96%
Magic:  16/19      EV: 22    Int: 12    God:    Nemelex Xobeh [****..]
Gold:   1079       SH:  0    Dex: 18    Spells: 5/12 levels left

rFire    + + .     SeeInvis +   m - +8 dagger "Geajeirgh" {freeze, rF++ Will+ Str-5}
rCold    + . .     Faith    .   (shield restricted)
rNeg     . . .     Spirit   .   A - +0 steam dragon scales
rPois    .         Reflect  .   i - +2 hat
rElec    .         Harm     .   I - +0 cloak
rCorr    .         Rampage  .   t - +0 pair of gloves
Will     +....                  F - +2 pair of boots
Stlth    ++++++....             K - amulet of the acrobat
HPRegen  0.22/turn              e - +4 ring of slaying
MPRegen  0.16/turn              c - ring of see invisible

@: no status effects
A: small, no large weapons, nightstalker 3, cold resistance 1, frail 1
a: Renounce Religion, Draw Escape, Draw Destruction, Draw Summoning, Triple
Draw, Deal Four


You were on level 6 of the Lair of Beasts.
You worshipped Nemelex Xobeh.
Nemelex Xobeh was greatly pleased with you.
You visited 3 branches of the dungeon, and saw 18 of its levels.

You collected 1457 gold pieces.
You spent 378 gold pieces at shops.

Inventory:

Hand Weapons
 a - a +3 hand crossbow of flaming
 k - a +1 vampiric dagger
 m - the +8 dagger "Geajeirgh" (weapon) {freeze, rF++ Will+ Str-5}
   (You found it on level 7 of the Dungeon)

   It has been specially enchanted to freeze those struck by it, causing extra
   injury to most foes and up to half again as much damage against particularly
   susceptible opponents.
   It can also slow down cold-blooded creatures.
   It affects your strength (-5).
   It greatly protects you from fire.
   It increases your willpower.
Missiles
 d - 52 bolts
 z - a curare-tipped dart (quivered)
Armour
 i - a +2 hat (worn)
 t - a +0 pair of gloves (worn)
 A - +0 steam dragon scales (worn)
 B - a +0 kite shield
 F - a +2 pair of boots (worn)
 I - a +0 cloak (worn)
Jewellery
 c - a ring of see invisible (right hand)
 e - a +4 ring of slaying (left hand)
 n - a ring of protection from fire
 K - an amulet of the acrobat (around neck)
Wands
 o - a wand of paralysis (15)
 r - a wand of mindburst (16)
 w - a wand of acid (7)
 C - a wand of charming (1)
 L - a wand of iceblast (25)
 N - a wand of digging (6)
Scrolls
 b - a scroll of fog {unknown}
 f - a scroll of vulnerability {unknown}
 h - 9 scrolls of teleportation
 p - 2 scrolls of magic mapping
 s - 2 scrolls of amnesia
 u - 5 scrolls of enchant armour
 v - a scroll of noise {unknown}
 x - 5 scrolls of enchant weapon {unknown}
 y - a scroll of fear {unknown}
 E - a scroll of torment
 H - a scroll of brand weapon
 O - a scroll of immolation
 P - a scroll of summoning {unknown}
Potions
 g - a potion of brilliance
 j - 2 potions of flight
 l - 4 potions of attraction
 q - 7 potions of curing
 D - 2 potions of degeneration
 G - a potion of invisibility {unknown}
 J - 2 potions of mutation
 M - a potion of lignification
 Q - 2 potions of heal wounds


   Skills:
 + Level 10.0 Fighting
 - Level 10.0 Short Blades
 - Level 10.0 Crossbows
 - Level 11.0 Dodging
 + Level 10.9 Stealth
 + Level 6.4 Shields
 - Level 9.1 Hexes
 + Level 1.2 Necromancy
 + Level 8.2 Invocations


You had 5 spell levels left.
You knew the following spells:

 Your Spells              Type           Power      Damage    Failure   Level
a - Confusing Touch       Hex            21%        N/A       2%          3
b - Animate Dead          Necr           1%         N/A       89%         4

Your spell library contained the following spells:

 Spells                   Type           Power      Damage    Failure   Level
 Animate Skeleton         Necr           6%         N/A       21%         1
 Pain                     Necr           12%        1d4       21%         1
 Sting                    Tmut/Pois      0%         1d3       32%         1
 Poisonous Vapours        Pois/Air       0%         N/A       45%         2
 Vampiric Draining        Necr           1%         2d6       52%         3
 Gell's Gravitas          Tloc           0%         N/A       69%         3
 Ignite Poison            Fire/Tmut/Pois 0%         N/A       69%         3
 Mephitic Cloud           Conj/Pois/Air  0%         N/A       69%         3
 Metabolic Englaciation   Hex/Ice        5%         N/A       82%         5
 Yara's Violent Unravell  Hex/Tmut       5%         3d4       82%         5
 Olgreb's Toxic Radiance  Pois           0%         N/A       97%         4
 Petrify                  Tmut/Erth      0%         N/A       97%         4
 Agony                    Necr           3%         N/A       99%         5


Dungeon Overview and Level Annotations

Branches:
Dungeon (11/15)            Temple (1/1) D:7            Lair (6/6) D:11
  Swamp (0/4) Lair:3        Snake (0/4) Lair:2        Slime (0/5) Lair:6
    Orc: D:9-12

Altars:
Ashenzari
Cheibriados
Dithmenos
Elyvilon
Fedhas
Gozag
Hepliaklqana
Kikubaaqudgha
Makhleb
Nemelex Xobeh
Okawaru
Qazlal
Ru
Sif Muna
Trog
Uskayaw
Wu Jian
Xom
Yredelemnul
Zin
The Shining One

Shops:
D:7 (?*

Annotations:
D:9 5 exclusions, Erolcha


Innate Abilities, Weirdness & Mutations

You are small and have problems with some larger weapons.
You are completely attuned to the shadows.
Your flesh is cold resistant. (rC+)
You are frail. (-10% HP)


Message History

You hear a bellow!
Something hits the plant!
You hit the eight-headed hydra but do no damage.
The eight-headed hydra is lightly wounded.
You hit the eight-headed hydra but do no damage.
The eight-headed hydra is lightly wounded.
The eight-headed hydra bites you! x2
The eight-headed hydra completely misses you.
The eight-headed hydra barely misses you.
The eight-headed hydra misses you.
The eight-headed hydra bites you but does no damage.
The eight-headed hydra misses you.
The eight-headed hydra barely misses you.
You completely miss the eight-headed hydra.
The eight-headed hydra is lightly wounded.
Unknown command.
You hit the eight-headed hydra but do no damage.
The eight-headed hydra is lightly wounded.
The eight-headed hydra completely misses you.
The eight-headed hydra misses you. The eight-headed hydra bites you.
The eight-headed hydra bites you!
The eight-headed hydra barely misses you.
The eight-headed hydra bites you. The eight-headed hydra bites you!
The eight-headed hydra barely misses you.
You hit the eight-headed hydra but do no damage.
The eight-headed hydra appears confused.
The eight-headed hydra is lightly wounded.
You puncture the eight-headed hydra! You freeze the eight-headed hydra.
The eight-headed hydra is moderately wounded.
The eight-headed hydra bites you but does no damage.
The eight-headed hydra bites you!
* * * LOW HITPOINT WARNING * * *
The eight-headed hydra bites you.
* * * LOW HITPOINT WARNING * * *
The eight-headed hydra misses you. x2
The eight-headed hydra barely misses you.
The eight-headed hydra bites you but does no damage.
The eight-headed hydra bites you!
You die...
Your body glows with a rainbow of weird colours and disappears.

,,,,,**..S.(.(....,,**,,*
,,,,,,,....(.....?.,,,,,*
,,,,,,,....$..YD...,,,,**
,,,,,,,...(.((.....,,,,,*
,,,,,,,......((......,,,*
*,,,,,,#......(P###P.>_,*
*,,,,,*(....PP.(.#...,,,*
,,,,****.....###D....,,**
,,,,,,*,,....*#.@....,,**
,,,,,**,,,..*#.....P#*,,**
***,,***,,,,*#.....###...*
* *,,*,,,,,,,##.#+.#....##
*******,*,,,,*##*,...#.PP#
,**,,,**,,,,,***,,#....P.#
**,,,,,*,,,,,,,,,,....<#**
,,,,,,,,,,,,,,,,,,.....P#
***,*,,,*,**,**,,,#.#####


You could see an eight-headed hydra (confused).

Vanquished Creatures
  2 hydras
  3 two-headed ogres
  A lindwurm (Lair:5)
  2 bog bodies (Lair:3)
  An ugly thing (D:11)
  A cyclops (D:11)
  5 elephants (Lair:1)
  A manticore (D:11)
  3 black mambas
  4 cane toads
  A torpor snail (Lair:5)
  2 rime drakes
  3 komodo dragons
  4 polar bears
  3 trolls
  Grinder (D:3)
  2 dream sheep (Lair:5)
  13 blink frogs
  2 shadows
  30 yaks
  A basilisk (Lair:4)
  6 wyverns
  3 steam dragons
  2 swamp worms (Lair:3)
  An acid dragon (D:11)
  27 water moccasins
  4 orc warriors
  6 sky beasts
  2 black bears (D:5)
  3 ogres
  2 necrophages
  14 wolves
  6 centaurs
  A phantom (D:5)
  A gnoll sergeant (D:10)
  14 bullfrogs
  2 kobold brigands
  A scorpion (D:6)
  2 water moccasin skeletons (D:4)
  12 killer bees
  12 wights
  5 electric eels (Lair:3)
  A howler monkey (D:10)
  A centaur zombie (D:8)
  A bullfrog skeleton (D:7)
  2 hounds
  7 orc priests
  2 jellies
  3 iguanas
  4 orc wizards
  A hell rat (Lair:3)
  A scorpion zombie (D:5)
  A killer bee zombie (D:8)
  A howler monkey zombie (D:8)
  6 adders
  4 gnolls
  A white imp (D:5)
  2 dart slugs
  17 orcs
  7 ball pythons
  3 bats
  6 endoplasms
  5 giant cockroaches
  5 goblins
  8 hobgoblins
  17 jackals
  11 quokkas
  7 frilled lizards
  14 kobolds
  11 rats
360 creatures vanquished.

Vanquished Creatures (collateral kills)
  A yak (Lair:4)
  2 wolves (Lair:5)
3 creatures vanquished.

Vanquished Creatures (others)
  2 yaks (Lair:4)
  An orc wizard (D:9)
  63 fungi
  58 plants
124 creatures vanquished.

Grand Total: 487 creatures vanquished

Notes
Turn   | Place    | Note
-------+----------+-------------------------------------------
     0 | D:1      | Mesmaeker13 the Kobold Hunter began the quest for the Orb.
     0 | D:1      | Reached XP level 1. HP: 12/12 MP: 1/1
     9 | D:1      | Found a faded altar of an unknown god.
    50 | D:1      | Reached XP level 2. HP: 18/18 MP: 2/2
    59 | D:1      | Reached skill level 5 in Crossbows
   229 | D:1      | Reached XP level 3. HP: 22/22 MP: 3/3
   428 | D:1      | Reached skill level 3 in Dodging
   989 | D:2      | Reached XP level 4. HP: 27/27 MP: 4/4
  1040 | D:2      | Noticed an ogre
  1499 | D:3      | Found a glowing golden altar of the Shining One.
  1847 | D:3      | Noticed Grinder
  1853 | D:3      | Killed Grinder
  1854 | D:3      | Reached skill level 4 in Dodging
  1854 | D:3      | Reached XP level 5. HP: 23/33 MP: 5/5
  1854 | D:3      | Reached XP level 6. HP: 26/38 MP: 6/6
  2016 | D:4      | Noticed an ogre
  2020 | D:4      | Killed an ogre
  2021 | D:4      | Reached XP level 7. HP: 43/43 MP: 7/7
  2112 | D:4      | Reached skill level 5 in Stealth
  2759 | D:4      | Reached skill level 5 in Dodging
  4058 | D:5      | Entered Level 5 of the Dungeon
  4181 | D:5      | Reached skill level 5 in Fighting
  4181 | D:5      | Reached XP level 8. HP: 49/49 MP: 8/8
  4258 | D:5      | Reached skill level 1 in Short Blades
  4586 | D:5      | Reached skill level 6 in Dodging
  5234 | D:6      | Noticed a wyvern
  5445 | D:5      | Killed a wyvern
  5446 | D:5      | Reached XP level 9. HP: 26/54 MP: 9/9
  6029 | D:6      | Reached skill level 7 in Dodging
  6392 | D:6      | Reached skill level 5 in Short Blades
  6706 | D:7      | Found Sulihun's Assorted Antiques.
  7070 | D:7      | Found a sacrificial altar of Ru.
  7127 | D:7      | Reached skill level 8 in Dodging
  7370 | D:7      | Reached XP level 10. HP: 50/58 MP: 10/10
  7389 | D:7      | Identified the +8 dagger "Geajeirgh" {freeze, rF++ Will+
                  | Str-5}
  7528 | D:7      | Found a stormy altar of Qazlal.
  7530 | D:7      | Found an ornate altar of the Wu Jian Council.
  7530 | D:7      | Found a sparkling altar of Nemelex Xobeh.
  7534 | D:7      | Found a hide-covered altar of Uskayaw.
  7537 | D:7      | Found an iron altar of Okawaru.
  7538 | D:7      | Found a snail-covered altar of Cheibriados.
  7784 | D:7      | Found Yggunotu's Weapon Shop.
  7789 | D:7      | Bought a +3 hand crossbow of flaming for 326 gold pieces
  7865 | D:7      | Found Gaxkeat's Magic Scroll Shoppe.
  7868 | D:7      | Bought a scroll of identify for 26 gold pieces
  7868 | D:7      | Bought a scroll of identify for 26 gold pieces
  7931 | D:7      | Found a staircase to the Ecumenical Temple.
  7955 | D:7      | Upgraded the game from 0.27-a0-1140-g099f9bb0e8 to
                  | 0.27-a0-1144-g0b7d3b79db
  7977 | Temple   | Entered the Ecumenical Temple
  8715 | D:8      | Reached skill level 10 in Stealth
  9094 | D:8      | Noticed a two-headed ogre
  9103 | D:8      | Killed a two-headed ogre
  9104 | D:8      | Reached skill level 10 in Crossbows
  9104 | D:8      | Reached skill level 9 in Dodging
  9554 | D:8      | Learned a level 3 spell: Confusing Touch
  9866 | D:9      | Reached skill level 1 in Hexes
 10151 | D:9      | Noticed Erolcha
 10279 | D:9      | Reached XP level 11. HP: 63/63 MP: 11/11
 10284 | D:9      | Reached skill level 10 in Dodging
 10952 | D:10     | Entered Level 10 of the Dungeon
 10953 | D:10     | Identified a scroll of acquirement
 10954 | D:10     | Acquired 444 gold pieces
 11139 | D:10     | Noticed a two-headed ogre
 11212 | D:10     | Killed a two-headed ogre
 11605 | D:10     | Reached skill level 10 in Short Blades
 12002 | D:10     | Reached skill level 11 in Dodging
 12146 | D:10     | Gained mutation: You possess an exceptional clarity of
                  | mind. [potion of mutation]
 12146 | D:10     | Gained mutation: You are frail. (-10% HP) [potion of
                  | mutation]
 12146 | D:10     | Lost mutation: You possess an exceptional clarity of mind.
                  | [potion of mutation]
 12146 | D:10     | Gained mutation: Your flesh is cold resistant. (rC+)
                  | [potion of mutation]
 13380 | D:7      | Became a worshipper of Nemelex Xobeh the Trickster
 13574 | D:11     | Reached skill level 1 in Shields
 13574 | D:11     | Reached skill level 5 in Hexes
 13592 | D:11     | Noticed a manticore
 13596 | D:11     | Killed a manticore
 13638 | D:11     | Noticed a two-headed ogre
 13711 | D:11     | Killed a two-headed ogre
 13712 | D:11     | Reached skill level 1 in Invocations
 14206 | D:11     | Found a staircase to the Lair.
 14278 | D:11     | Reached XP level 12. HP: 46/63 MP: 4/13
 14941 | Lair:1   | Entered Level 1 of the Lair of Beasts
 15931 | Lair:1   | Noticed a seven-headed hydra
 15936 | Lair:1   | Killed a seven-headed hydra
 15937 | Lair:1   | Reached skill level 5 in Invocations
 16348 | Lair:2   | Reached * piety under Nemelex Xobeh
 16520 | Lair:2   | Found a staircase to the Snake Pit.
 16876 | Lair:2   | Reached XP level 13. HP: 49/70 MP: 13/17
 17101 | Lair:2   | Received a gift from Nemelex Xobeh
 17424 | Lair:2   | Reached skill level 5 in Shields
 17652 | Lair:2   | Reached ** piety under Nemelex Xobeh
 17959 | Lair:3   | Noticed a five-headed hydra
 17971 | Lair:3   | Killed a five-headed hydra
 19367 | Lair:3   | Found a staircase to the Swamp.
 19605 | Lair:3   | Received a gift from Nemelex Xobeh
 19684 | Lair:3   | Noticed a five-headed hydra
 19700 | Lair:3   | HP: 2/72 [five-headed hydra (14)]
 20659 | Lair:4   | Reached *** piety under Nemelex Xobeh
 20689 | Lair:4   | Learned a level 4 spell: Animate Dead
 20765 | Lair:4   | Received a gift from Nemelex Xobeh
 22520 | Lair:5   | Noticed a six-headed hydra
 22862 | Lair:5   | Noticed an eight-headed hydra
 23249 | Lair:5   | Reached **** piety under Nemelex Xobeh
 23249 | Lair:5   | Received a gift from Nemelex Xobeh
 23526 | Lair:6   | Entered Level 6 of the Lair of Beasts
 24205 | Lair:6   | Reached skill level 1 in Necromancy
 24219 | Lair:6   | Noticed an eight-headed hydra
 24226 | Lair:6   | Reached skill level 10 in Fighting
 24238 | Lair:6   | Slain by an eight-headed hydra

Illustrated notes

Levels and vault maps discovered:
D:1:      lightli_molten_gateway, layout_basic, serial_curves, eino_curves_02,
          eino_curves_03, eino_curves_02, eino_curves_03,
          ebering_ecumenical_altar_mist, minmay_small_reverse_x
D:2:      layout_basic
D:3:      layout_rooms, lemuel_coloured_pillars_altar, minmay_misc_feat_doors,
          hangedman_abyss_or_decor_stabs, uniq_grinder
D:4:      layout_loops_ring, fountainhead
D:5:      layout_gridville, water_boxes_lemuel
D:6:      layout_rooms
D:7:      layout_rooms, nicolae_ru_great_annihilating_truth,
          grunt_temple_overflow_open, temple_hall, serial_shops,
          kennysheep_mini, shop, nicolae_shop_stone, hangedman_glass_teeth
D:8:      layout_basic
D:9:      layout_loops_ring, uniq_erolcha
D:10:     layout_stronghold, lemuel_tele_altar
D:11:     layout_roguey, lair_entry_dummy, kennysheep_generic_room_8
Temple:   oiseaux_autumnal_temple
Lair:1:   layout_loops_ring, serial_forest, infiniplex_forest_end_1,
          infiniplex_forest_corner_2, infiniplex_forest_lined_corner,
          infiniplex_forest_straight_3, infiniplex_forest_end_1,
          infiniplex_forest_straight_5, infiniplex_forest_clump_long
Lair:2:   layout_regular_city, minmay_snake_entry_six_corridors
Lair:3:   layout_layer_cave, nicolae_swamp_entry_splash_gauntlet, serial_bayou,
          serial_bayou_lake_a, serial_bayou_shore_b, serial_bayou_shore_b,
          serial_bayou_crossing, minmay_stone_trees_medium,
          hangedman_lair_generics_rect
Lair:4:   layout_regular_city, grunt_megastairs_4
Lair:5:   layout_cave_pods
Lair:6:   gammafunk_lair_ancient_temple, layout_regular_city, slime_altar_1,
          gammafunk_lair_bear_cave

Skill      XL: |  1  2  3  4  5  6  7  8  9 10 11 12 13 |
---------------+----------------------------------------+-----
Crossbows      | 5 6 7 8 9 10 | 10.0
Stealth        | 2 4 6 7 9 10 | 10.9
Dodging        | 3 4 5 6 8 9 11 | 11.0
Fighting       | 3 4 5 6 8 10 | 10.0
Short Blades   | 3 6 8 10 | 10.0
Hexes          | 2 5 7 9 |  9.1
Shields        | 2 4 6 |  6.4
Invocations    | 2 5 8 |  8.2
Necromancy     | 1 |  1.2

Action                   |  1- 3 |  4- 6 |  7- 9 | 10-12 | 13-15 || total
-------------------------+-------+-------+-------+-------+-------++-------
Melee: Dagger            |       |       |   106 |   321 |   244 ||   671
       Short sword       |       |       |    13 |       |       ||    13
 Fire: Hand crossbow     |    60 |    31 |   172 |   150 |   156 ||   569
 Cast: Confusing Touch   |       |       |       |    28 |    29 ||    57
Invok: Draw Destruction  |       |       |       |       |     1 ||     1
Evoke: Wand              |       |       |     1 |     8 |    17 ||    26
  Use: Scroll            |     1 |     2 |     3 |     5 |     6 ||    17
       Potion            |       |       |       |     5 |       ||     5
 Stab: Sleeping          |       |       |    17 |    23 |     9 ||    49
       Paralysed         |       |       |     3 |     1 |       ||     4
       Confused          |       |       |       |    25 |    19 ||    44
       Distracted        |       |       |       |       |     1 ||     1
Armor: Leather armour    |     4 |     2 |    35 |    24 |     6 ||    71
       Steam dragon scal |       |       |       |       |    41 ||    41
Dodge: Dodged            |    18 |     7 |   148 |   310 |   286 ||   769

Table legend: (Time is in decaauts)
 A = Elapsed time spent in this place.
 B = Non-inter-level travel time spent in this place.
 C = Inter-level travel time spent in this place.
 D = Time resting spent in this place.
 E = Time spent auto-exploring this place.
 F = Levels seen in this place.
 G = Mean time per level.
                   A        B        C        D        E       F      G
               +--------+--------+--------+--------+--------+-----+--------+
         Total |  24158 |  23146 |   1012 |   4817 |  15133 |  18 | 1342.1 |
       Dungeon |  14535 |  13695 |    840 |   2575 |   9127 |  11 | 1321.4 |
        Temple |    374 |    343 |     31 |      0 |    342 |   1 |  374.0 |
          Lair |   9249 |   9109 |    140 |   2242 |   5664 |   6 | 1541.5 |
               +--------+--------+--------+--------+--------+-----+--------+

Top non-repeatable levels by time:
  Lair:3: 2775 daAuts
    D:10: 2009 daAuts
  Lair:4: 1736 daAuts
     D:5: 1660 daAuts
  Lair:5: 1591 daAuts
  Lair:2: 1469 daAuts
     D:4: 1469 daAuts
     D:9: 1460 daAuts
  Lair:1: 1455 daAuts
     D:8: 1449 daAuts
    D:11: 1435 daAuts
     D:6: 1250 daAuts
     D:7: 1181 daAuts
     D:1: 974 daAuts
     D:3: 833 daAuts
